 Dungeon Crawl Stone Soup version 0.25-a0-67-g7dccc1b (webtiles) character file.

Game seed: 17039120269174856713, levelgen mode: deterministic

17609 pichaelthompson the Blocker (level 12, -2/67 HPs)
             Began as a Gnoll Fighter on Nov 1, 2019.
             Was a High Priest of Okawaru.
             Slain by a neqoxec (6 damage)
             ... on level 1 of the Abyss.
             The game lasted 00:34:41 (13107 turns).

pichaelthompson the Blocker (Gnoll Fighter)        Turns: 13107, Time: 00:34:42

Health: -2/67      AC: 18    Str: 16 (17) XL:     12   Next: 49%
Magic:  16/16      EV:  9    Int:  7      God:    Okawaru [*****.]
Gold:   978        SH: 11    Dex: 13      Spells: 25/25 levels left

rFire    . . .     SeeInvis .   g - +9 scimitar (flame)
rCold    . . .     Gourm    .   c - +0 shield
rNeg     . . .     Faith    .   y - +0 chain mail
rPois    .         Spirit   .   F - +2 helmet
rElec    .         Reflect  .   G - +0 cloak
rCorr    .         Harm     .   u - +1 pair of gloves
MR       .....     Rnd*Rage +   Q - +2 pair of boots {run} Stlth ..........Rnd*Tele +
                                (no amulet)
HPRegen  0.00/turn              (no ring)
MPRegen  0.15/turn              (no ring)

@: marked, berserk cooldown, non-regenerating, mildly diseased, slowed, very
slow
A: distributed training, fangs 1, [berserk 3], [blurry vision 3], [clumsy 2],
[deformed body], [deterioration 2], [dopey 2], frail 1[+2], low mp 1[+2],
[screaming 3], inhibited regeneration, [teleportitis 3], [weak 2], no potion
heal 1[+2], [subdued magic 3], strong nose
a: Heroism, Finesse, Renounce Religion


You were on level 1 of the Abyss.
You worshipped Okawaru.
Okawaru was extremely pleased with you.
You were near starving.

You visited 2 branches of the dungeon, and saw 14 of its levels.
You visited the Abyss 1 time.

You collected 1014 gold pieces.
You spent 36 gold pieces at shops.

Inventory:

Hand Weapons
 g - a +9 scimitar of flaming (weapon)
 v - a +7 club
Missiles
 E - 3 silver boomerangs
 L - 5 boomerangs (quivered)
Armour
 c - a +0 shield (worn)
 u - a +1 pair of gloves (worn)
 y - a +0 chain mail (worn)
 F - a +2 helmet (worn)
 G - a +0 cloak (worn)
 Q - a +2 pair of boots of running (worn)
Wands
 a - a wand of iceblast (9)
 l - a wand of acid (5)
 H - a wand of flame (23)
 J - a wand of digging (5)
 M - a wand of polymorph (8)
Scrolls
 i - 4 scrolls of remove curse
 j - 3 scrolls of blinking
 k - a scroll of torment {unknown}
 o - 5 scrolls of teleportation
 q - a scroll of random uselessness {unknown}
 r - 3 scrolls of magic mapping {unknown}
 s - a scroll of enchant armour
 t - a scroll of enchant weapon
 w - a scroll of identify
 x - 3 scrolls of amnesia {unknown}
 z - 4 scrolls of fog {unknown}
 I - a scroll of fear {unknown}
 O - a scroll of brand weapon {unknown}
Potions
 b - a potion of berserk rage
 d - 6 potions of might
 e - a potion of haste
 h - 3 potions of heal wounds
 m - a potion of curing
 n - 4 potions of brilliance
 p - 4 potions of agility
 A - a potion of mutation {unknown}
 B - 3 potions of flight
 D - 3 potions of lignification
 P - a potion of resistance {unknown}
Comestibles
 f - 21 rations


   Skills:
 + Level 9.8 Fighting
 + Level 7.2 Short Blades
 + Level 7.2 Long Blades
 + Level 7.2 Axes
 + Level 7.2 Maces & Flails
 + Level 8.6 Polearms
 + Level 7.2 Staves
 + Level 7.2 Slings
 + Level 7.2 Bows
 + Level 7.2 Crossbows
 + Level 7.2 Throwing
 + Level 9.8 Armour
 + Level 7.2 Dodging
 + Level 7.2 Stealth
 + Level 9.8 Shields
 + Level 7.2 Unarmed Combat
 + Level 7.2 Spellcasting
 + Level 6.0 Conjurations
 + Level 6.0 Hexes
 + Level 6.0 Charms
 + Level 6.0 Summonings
 + Level 6.0 Necromancy
 + Level 6.0 Translocations
 + Level 6.0 Transmutations
 + Level 6.0 Fire Magic
 + Level 6.0 Ice Magic
 + Level 6.0 Air Magic
 + Level 6.0 Earth Magic
 + Level 6.0 Poison Magic
 + Level 7.9 Invocations
 + Level 7.2 Evocations


You had 25 spell levels left.
You didn't know any spells.
Your spell library contained the following spells:

 Spells                   Type           Power        Failure   Level  Hunger
 Animate Skeleton         Necr           N/A          26%         1    None
 Apportation              Tloc           #.....       26%         1    None
 Confusing Touch          Hex            #.....       26%         1    None
 Magic Dart               Conj           #...         26%         1    None
 Summon Small Mammal      Summ           #...         26%         1    None
 Blink                    Tloc           N/A          41%         2    ##.....
 Call Imp                 Summ           #.......     41%         2    ##.....
 Searing Ray              Conj           #.....       41%         2    ##.....
 Shroud of Golubria       Chrm/Tloc      #.....       41%         2    ##.....
 Slow                     Hex            #.......     41%         2    ##.....
 Confuse                  Hex            #.......     65%         3    ###....
 Conjure Flame            Conj/Fire      #.......     65%         3    ###....
 Dazzling Spray           Conj/Hex       #.....       65%         3    ###....
 Gell's Gravitas          Tloc           #.........   65%         3    ###....
 Lesser Beckoning         Tloc           #.........   65%         3    ###....
 Mephitic Cloud           Conj/Pois/Air  #.......     65%         3    ###....
 Teleport Other           Tloc           #.......     65%         3    ###....
 Force Lance              Conj/Tloc      #.......     97%         4    ####...
 Fulminant Prism          Conj/Hex       #.........   97%         4    ####...
 Iskenderun's Mystic Bla  Conj           #.......     97%         4    ####...
 Passage of Golubria      Tloc           N/A          97%         4    ####...
 Petrify                  Tmut/Erth      #.......     97%         4    ####...
 Metabolic Englaciation   Hex/Ice        #.........   100%        5    ######.
 Yara's Violent Unravell  Hex/Tmut       #.........   100%        5    ######.


Dungeon Overview and Level Annotations

Branches:
Dungeon (12/15)            Temple (0/1) D:7            Lair (0/6) D:8
    Orc (2/2) D:11
    Elf: Orc:2

Altars:
Dithmenos
Fedhas
Kikubaaqudgha
Okawaru
Qazlal
Vehumet
Xom
Zin
The Shining One

Shops:
D:5 *   D:9 (   D:10 (   D:11 *   Orc:1 [

Annotations:
D:12 Nessos
Orc:2 Sonja


Innate Abilities, Weirdness & Mutations

Your experience applies equally to all skills.
You have very sharp teeth.
Your uncanny sense of smell can sniff out nearby items.
You do not regenerate when monsters are visible.
[You have an uncontrollable temper.]
[Scrolls take you much longer to read.]
[You are very clumsy. (Dex -4)]
[Armour fits poorly on your strangely shaped body.]
[Your body often deteriorates upon taking damage.]
[You are very dopey. (Int -4)]
[You are extremely frail. (-30% HP)]
[Your magical capacity is extremely low. (-30% MP)]
[You frequently scream uncontrollably at your foes.]
[You are often teleported next to monsters.]
[You are very weak. (Str -4)]
[Potions cannot restore your health.]
[Your spells are much easier to cast, but much less powerful.]


Message History

The ufetubus closely misses you. The ufetubus hits you.
* * * LOW HITPOINT WARNING * * *
The blink frog blinks!
The ufetubus closely misses you. You block the ufetubus's attack.
The blink frog blinks!
The neqoxec gestures at you.
Something tries to feed on your intellect!
The ufetubus barely misses you.
You riposte.
You hit the ufetubus. You burn the ufetubus.
The ufetubus is severely wounded.
You block the ufetubus's attack. The neqoxec gestures at you.
Strange energies course through your body.
The yaktaur disappears in a puff of smoke!
The blink frog blinks!
The neqoxec gestures.
The wretched star pulses with an eldritch light!
The worldbinder calls forth creatures from the Vaults!
The neqoxec hits you.
You die...

§...§X...#............
. . ........#5..XX..X.
#....§...*.c.$5....#..
.....§...X.........#.
.§§ .....x.3.Y...§...
#.......c5cXF.......
.... ....c.Xu.......
..........X53....#.
.........X@u..#...
.#..#............
.......#§.......
.#....##....... #....
.....#. ...... #......
..... ...... ....
......


You could see 3 starcursed masses, 2 very ugly things, a tentacled starspawn, a
wretched star, 4 large abominations, 4 yaktaurs, a worldbinder, a blink frog, 2
neqoxecs, an ice beast, a quasit, a white imp and 2 ufetubi.

Vanquished Creatures
  5 two-headed ogres
  Urug (D:11)
  3 unseen horrors
  Pikel (D:9)
  An orc sorcerer (Orc:2)
  2 cyclopes
  2 ugly things
  Maurice (D:10)
  An efreet (D:9)
  A troll (D:10)
  3 hippogriffs
  11 yaks (D:10)
  3 wyverns
  2 steam dragons
  A hungry ghost (D:8)
  A water moccasin (D:10)
  A swamp drake (D:11)
  4 orc warriors
  A black bear (D:4)
  2 sky beasts
  8 ice beasts
  4 phantoms
  2 eyes of draining (D:9)
  5 centaurs
  3 ogres
  2 big kobolds
  A small abomination (Abyss:1)
  6 bullfrogs
  A gnoll sergeant (D:9)
  4 scorpions
  5 killer bees (D:7)
  4 howler monkeys
  5 bullfrog zombies
  7 crimson imps
  A quasit (D:7)
  A centaur zombie (D:7)
  7 orc priests
  3 hounds
  5 jellies
  Crazy Yiuf (D:6)
  2 bullfrog skeletons
  2 centaur skeletons (D:11)
  5 orc wizards
  Jessica (D:2)
  6 iguanas
  8 worker ants
  2 hound zombies
  A worker ant zombie (D:4)
  14 gnolls
  13 adders
  2 howler monkey skeletons
  3 oozes
  4 adder zombies (D:4)
  5 adder skeletons
  A worm (D:3)
  6 dart slugs
  7 leopard geckos
  33 orcs
  13 giant cockroaches
  11 goblins
  5 hobgoblins
  3 jackals (D:3)
  15 kobolds
  3 quokkas
  3 ball pythons
  A ball python zombie (D:4)
  11 bats
  4 frilled lizards
  2 giant cockroach zombies
  A jackal skeleton (D:4)
  2 leopard gecko zombies
  7 rats
  A rat zombie (D:5)
319 creatures vanquished.

Vanquished Creatures (others)
  A bullfrog (D:10)
  A jelly (D:9)
  11 starspawn tentacles (Abyss:1)
13 creatures vanquished.

Grand Total: 332 creatures vanquished

Notes
Turn   | Place    | Note
-------+----------+-------------------------------------------
     0 | D:1      | pichaelthompson the Gnoll Fighter began the quest for the
                  | Orb.
     0 | D:1      | Reached XP level 1. HP: 23/23 MP: 1/1
    85 | D:1      | Reached XP level 2. HP: 27/29 MP: 2/2
   250 | D:1      | Reached XP level 3. HP: 35/35 MP: 3/3
   738 | D:2      | Reached skill level 1 in Invocations
   890 | D:2      | Reached skill level 1 in Short Blades
   890 | D:2      | Reached skill level 1 in Long Blades
   890 | D:2      | Reached skill level 1 in Axes
   890 | D:2      | Reached skill level 1 in Maces & Flails
   890 | D:2      | Reached skill level 1 in Staves
   890 | D:2      | Reached skill level 1 in Slings
   890 | D:2      | Reached skill level 1 in Bows
   890 | D:2      | Reached skill level 1 in Crossbows
   890 | D:2      | Reached skill level 1 in Throwing
   890 | D:2      | Reached skill level 1 in Dodging
   890 | D:2      | Reached skill level 1 in Stealth
   890 | D:2      | Reached skill level 1 in Unarmed Combat
   890 | D:2      | Reached skill level 1 in Spellcasting
   890 | D:2      | Reached skill level 1 in Evocations
   926 | D:2      | Reached XP level 4. HP: 41/41 MP: 5/5
  1005 | D:2      | Found a faded altar of an unknown god.
  1250 | D:2      | Noticed Jessica
  1256 | D:2      | Killed Jessica
  1256 | D:2      | Reached skill level 1 in Conjurations
  1256 | D:2      | Reached skill level 1 in Hexes
  1256 | D:2      | Reached skill level 1 in Charms
  1256 | D:2      | Reached skill level 1 in Summonings
  1256 | D:2      | Reached skill level 1 in Necromancy
  1256 | D:2      | Reached skill level 1 in Translocations
  1256 | D:2      | Reached skill level 1 in Transmutations
  1256 | D:2      | Reached skill level 1 in Fire Magic
  1256 | D:2      | Reached skill level 1 in Ice Magic
  1256 | D:2      | Reached skill level 1 in Air Magic
  1256 | D:2      | Reached skill level 1 in Earth Magic
  1256 | D:2      | Reached skill level 1 in Poison Magic
  1552 | D:3      | Reached XP level 5. HP: 47/47 MP: 6/6
  1814 | D:3      | Reached XP level 6. HP: 53/53 MP: 8/8
  2173 | D:3      | Reached skill level 5 in Polearms
  2281 | D:3      | Found a blossoming altar of Fedhas.
  2456 | D:4      | Reached XP level 7. HP: 35/59 MP: 10/10
  2599 | D:4      | Found an iron altar of Okawaru.
  2701 | D:4      | Became a worshipper of Warmaster Okawaru
  3218 | D:4      | Reached * piety under Okawaru
  3218 | D:4      | Reached XP level 8. HP: 58/67 MP: 12/12
  3435 | D:5      | Entered Level 5 of the Dungeon
  3589 | D:5      | Found Fazyptoq's Assorted Antiques.
  4020 | D:5      | Found an ancient bone altar of Kikubaaqudgha.
  4189 | D:5      | Reached ** piety under Okawaru
  4208 | D:5      | Found a shimmering altar of Xom.
  4742 | D:6      | Reached XP level 9. HP: 69/72 MP: 14/14
  5120 | D:6      | Found a runed translucent door.
  5121 | D:6      | Noticed Crazy Yiuf
  5144 | D:6      | Killed Crazy Yiuf
  5231 | D:6      | Found a radiant altar of Vehumet.
  5537 | D:6      | Found a glowing silver altar of Zin.
  5903 | D:7      | Found a staircase to the Ecumenical Temple.
  5915 | D:7      | Reached *** piety under Okawaru
  6695 | D:7      | Reached skill level 5 in Invocations
  7047 | D:7      | Reached **** piety under Okawaru
  7047 | D:7      | Reached XP level 10. HP: 70/80 MP: 15/17
  7461 | D:8      | Reached skill level 5 in Short Blades
  7461 | D:8      | Reached skill level 5 in Long Blades
  7461 | D:8      | Reached skill level 5 in Axes
  7461 | D:8      | Reached skill level 5 in Maces & Flails
  7461 | D:8      | Reached skill level 5 in Staves
  7461 | D:8      | Reached skill level 5 in Slings
  7461 | D:8      | Reached skill level 5 in Bows
  7461 | D:8      | Reached skill level 5 in Crossbows
  7461 | D:8      | Reached skill level 5 in Throwing
  7461 | D:8      | Reached skill level 5 in Dodging
  7461 | D:8      | Reached skill level 5 in Stealth
  7461 | D:8      | Reached skill level 5 in Unarmed Combat
  7461 | D:8      | Reached skill level 5 in Spellcasting
  7461 | D:8      | Reached skill level 5 in Evocations
  7559 | D:8      | Found a shadowy altar of Dithmenos.
  7566 | D:8      | Noticed a two-headed ogre
  7575 | D:8      | Killed a two-headed ogre
  7575 | D:8      | Reached ***** piety under Okawaru
  7709 | D:8      | Found a staircase to the Lair.
  7763 | D:8      | Noticed a two-headed ogre
  7774 | D:8      | Killed a two-headed ogre
  8168 | D:9      | Found Iqan's Antique Weapon Emporium.
  8196 | D:9      | Received a gift from Okawaru
  8294 | D:9      | Found a stormy altar of Qazlal.
  8316 | D:9      | Noticed a two-headed ogre
  8318 | D:9      | Killed a two-headed ogre
  8318 | D:9      | Reached XP level 11. HP: 51/87 MP: 19/19
  8545 | D:9      | Received a gift from Okawaru
  8579 | D:9      | Identified a +2 pair of boots of running (Okawaru gifted it
                  | to you on level 9 of the Dungeon)
  8754 | D:9      | Found a glowing golden altar of the Shining One.
  8982 | D:9      | Noticed Pikel
  8988 | D:9      | Killed Pikel
  8988 | D:9      | Reached skill level 5 in Conjurations
  8988 | D:9      | Reached skill level 5 in Hexes
  8988 | D:9      | Reached skill level 5 in Charms
  8988 | D:9      | Reached skill level 5 in Summonings
  8988 | D:9      | Reached skill level 5 in Necromancy
  8988 | D:9      | Reached skill level 5 in Translocations
  8988 | D:9      | Reached skill level 5 in Transmutations
  8988 | D:9      | Reached skill level 5 in Fire Magic
  8988 | D:9      | Reached skill level 5 in Ice Magic
  8988 | D:9      | Reached skill level 5 in Air Magic
  8988 | D:9      | Reached skill level 5 in Earth Magic
  8988 | D:9      | Reached skill level 5 in Poison Magic
  9079 | D:10     | Entered Level 10 of the Dungeon
  9079 | D:10     | Found Ykhletwapt's Antique Weapon Shop.
  9088 | D:10     | Noticed a cyclops
  9104 | D:10     | Killed a cyclops
  9318 | D:10     | Killed an unseen horror
  9821 | D:10     | Noticed Maurice
  9854 | D:10     | Killed Maurice
 10860 | D:11     | Noticed a red ugly thing
 10862 | D:11     | Noticed Urug
 10904 | D:11     | Noticed a cyclops
 10920 | D:11     | Killed a cyclops
 11120 | D:11     | Found a staircase to the Orcish Mines.
 11151 | D:11     | Reached XP level 12. HP: 91/96 MP: 22/22
 11389 | D:11     | Killed Urug
 11636 | D:11     | Noticed a two-headed ogre
 11648 | D:11     | Killed a two-headed ogre
 11648 | D:11     | Received a gift from Okawaru
 12154 | D:11     | Found Vaudd's General Store.
 12162 | D:11     | Bought a scroll of teleportation for 36 gold pieces
 12267 | D:12     | Noticed Nessos
 12647 | Orc:1    | Entered Level 1 of the Orcish Mines
 12647 | Orc:1    | Noticed a two-headed ogre
 12652 | Orc:1    | Killed a two-headed ogre
 12667 | Orc:1    | Found Ladagg's Armour Shoppe.
 12795 | Orc:2    | Entered Level 2 of the Orcish Mines
 12795 | Orc:2    | Noticed Sonja
 12941 | Orc:2    | Cast into level 1 of the Abyss (Sonja)
 13005 | Abyss:1  | Noticed a wretched star
 13038 | Abyss:1  | Noticed a wretched star
 13045 | Abyss:1  | Noticed an ironheart preserver
 13045 | Abyss:1  | Gained mutation: [Your magical capacity is extremely low.
                  | (-30% MP)] [a neqoxec]
 13047 | Abyss:1  | Gained mutation: You do not regenerate when monsters are
                  | visible. [a neqoxec]
 13048 | Abyss:1  | Gained mutation: [You are extremely frail. (-30% HP)] [a
                  | neqoxec]
 13050 | Abyss:1  | Noticed a tentacled starspawn
 13057 | Abyss:1  | Noticed a rakshasa
 13058 | Abyss:1  | Noticed an ironheart preserver
 13058 | Abyss:1  | Gained mutation: [Potions cannot restore your health.] [a
                  | neqoxec]
 13059 | Abyss:1  | Noticed an ironheart preserver
 13066 | Abyss:1  | Noticed a white very ugly thing
 13066 | Abyss:1  | Noticed a tentacled starspawn
 13070 | Abyss:1  | Noticed a tentacled starspawn
 13091 | Abyss:1  | Noticed a tentacled starspawn
 13098 | Abyss:1  | Noticed a large abomination
 13102 | Abyss:1  | Noticed a starcursed mass
 13103 | Abyss:1  | Noticed a cyan very ugly thing
 13107 | Abyss:1  | Slain by a neqoxec

Levels and vault maps discovered:
D:1:      dpeg_arrival_rooms_with_view, layout_loops_ring, minmay_tromino_mix6
D:2:      layout_basic, chequers_ecumenical_altar_island, first_ration,
          minmay_tripent, uniq_jessica
D:3:      layout_loops_cross, fedhas_altar_1, minmay_misc_feat_roman
D:4:      black_bear_nest_1, layout_loops_cross, serial_undead, serial_undead_f,
          serial_undead_d, serial_undead_f, serial_undead_a, serial_undead_c,
          serial_undead_a, okawaru_trees_2
D:5:      layout_rooms, lemuel_zombie_altar_kikubaaqudgha, tgw_xom,
          serial_shops, shop_statue, hangedman_abyss_or_decor_passed
D:6:      layout_gridville, zin_treasury, vehumet_altar_wand_db,
          uniq_crazy_yiuf_cottage
D:7:      layout_basic, minmay_temple_entry_hall
D:8:      layout_basic, nicolae_dithmenos_shadow_blocks, lair_entry_dummy,
          chequers_decorated_corner
D:9:      layout_loops_cross, nicolae_qazlal_general_emergency, tso_altar,
          serial_shops, shop, uniq_pikel
D:10:     layout_roguey, serial_shops, shop_fountains, uniq_maurice
D:11:     layout_long_grid, erik_orc_1, serial_shops, shop, uniq_urug
D:12:     evilmike_library_of_no_secrets, layout_long_grid, grunt_livestock,
          minmay_misc_feat_tiny, uniq_nessos, uniq_jorgrun
Orc:1:    layout_caves, serial_shops, shop_fountains, shop_fountains,
          shop_statue, shop
Orc:2:    grunt_orc_community_town_hall, layout_diamond_mine,
          grunt_orc_community_big_house_2, grunt_orc_community_big_house_1,
          grunt_orc_community_house_3, grunt_orc_community_house_3,
          grunt_orc_community_house_1, grunt_orc_community_house_2,
          nicolae_orc_lost_temple, uniq_sonja
Abyss:1

Skill      XL: |  1  2  3  4  5  6  7  8  9 10 11 12 |
---------------+-------------------------------------+-----
Invocations    | 1 2 3 4 5 6 7 |  7.9
Short Blades   | 1 2 3 4 5 6 7 |  7.2
Long Blades    | 1 2 3 4 5 6 7 |  7.2
Axes           | 1 2 3 4 5 6 7 |  7.2
Maces & Flails | 1 2 3 4 5 6 7 |  7.2
Staves         | 1 2 3 4 5 6 7 |  7.2
Slings         | 1 2 3 4 5 6 7 |  7.2
Bows           | 1 2 3 4 5 6 7 |  7.2
Crossbows      | 1 2 3 4 5 6 7 |  7.2
Throwing       | 1 2 3 4 5 6 7 |  7.2
Dodging        | 1 2 3 4 5 6 7 |  7.2
Stealth        | 1 2 3 4 5 6 7 |  7.2
Unarmed Combat | 1 2 3 4 5 6 7 |  7.2
Spellcasting   | 1 2 3 4 5 6 7 |  7.2
Evocations     | 1 2 3 4 5 6 7 |  7.2
Conjurations   | 1 2 3 4 5 6 |  6.0
Hexes          | 1 2 3 4 5 6 |  6.0
Charms         | 1 2 3 4 5 6 |  6.0
Summonings     | 1 2 3 4 5 6 |  6.0
Necromancy     | 1 2 3 4 5 6 |  6.0
Translocations | 1 2 3 4 5 6 |  6.0
Transmutations | 1 2 3 4 5 6 |  6.0
Fire Magic     | 1 2 3 4 5 6 |  6.0
Ice Magic      | 1 2 3 4 5 6 |  6.0
Air Magic      | 1 2 3 4 5 6 |  6.0
Earth Magic    | 1 2 3 4 5 6 |  6.0
Poison Magic   | 1 2 3 4 5 6 |  6.0
Polearms       | 5 6 7 8 |  8.6
Fighting       | 7 8 9 |  9.8
Armour         | 7 8 9 |  9.8
Shields        | 7 8 9 |  9.8

Action                   |  1- 3 |  4- 6 |  7- 9 | 10-12 || total
-------------------------+-------+-------+-------+-------++-------
Melee: Trident           |   102 |    30 |       |       ||   132
       Bite              |    11 |    17 |    48 |    67 ||   143
       Club              |       |   112 |       |       ||   112
       War axe           |       |    32 |   399 |   132 ||   563
       Executioner's axe |       |       |       |    38 ||    38
       Scimitar          |       |       |       |   255 ||   255
Throw: Boomerang         |       |       |       |    33 ||    33
  Use: Scroll            |       |       |       |    20 ||    20
       Potion            |       |       |       |     1 ||     1
  Eat: Chunk             |       |     5 |    16 |    15 ||    36
       Ration            |       |       |       |     1 ||     1
Armor: Scale mail        |    27 |     8 |       |       ||    35
       Chain mail        |       |    56 |   201 |   231 ||   488
Dodge: Dodged            |    18 |    35 |   147 |   182 ||   382
Block: Shield            |    41 |    93 |   261 |   239 ||   634
       Rpst.: Scimitar   |       |       |       |    20 ||    20

Table legend:
 A = Non-vault XP
 B = Vault XP
 C = Vault XP percentage of total XP
 D = Non-vault monster count
 E = Vault monster count
 F = Vault count percentage of total count
                 A         B        C        D         E       F
            +---------+---------+-------+---------+---------+-------
      Total |   22135 |    3022 |  12.0 |     269 |      51 |  15.9
            +---------+---------+-------+---------+---------+-------
        D:1 |      43 |      10 |  18.9 |      21 |       5 |  19.2
        D:2 |      45 |      53 |  54.1 |      17 |       3 |  15.0
        D:3 |     335 |       0 |   0.0 |      38 |       0 |   0.0
        D:4 |     429 |     300 |  41.2 |      22 |      13 |  37.1
        D:5 |     776 |     102 |  11.6 |      19 |       8 |  29.6
        D:6 |    1149 |      43 |   3.6 |      19 |       2 |   9.5
        D:7 |    1550 |       0 |   0.0 |      23 |       0 |   0.0
        D:8 |    3306 |       0 |   0.0 |      31 |       0 |   0.0
        D:9 |    2932 |     629 |  17.7 |      25 |       1 |   3.8
       D:10 |    5463 |     462 |   7.8 |      29 |       1 |   3.3
       D:11 |    4324 |    1423 |  24.8 |      18 |      18 |  50.0
      Orc:1 |    1087 |       0 |   0.0 |       5 |       0 |   0.0
      Orc:2 |     601 |       0 |   0.0 |       1 |       0 |   0.0
    Abyss:1 |      95 |       0 |   0.0 |       1 |       0 |   0.0
            +---------+---------+-------+---------+---------+-------
